 Dungeon Crawl Stone Soup version 0.30-a0-610-gb513c0a51f (webtiles) character file.

Game seed: 16046761550302246056

5 M4edhros the Charlatan (level 1, -7/13 HPs)
             Began as an Octopode Artificer on Jan 8, 2023.
             Mangled by Terence
             ... wielding a +0 mace
              (12 damage)
             ... on level 2 of the Dungeon.
             The game lasted 00:00:25 (140 turns).

M4edhros the Charlatan (Octopode Artificer)          Turns: 140, Time: 00:00:26

Health: -7/13      AC:  1    Str: 11    XL:     1   Next: 80%
Magic:  1/1        EV: 13    Int: 13    God:
Gold:   0          SH:  0    Dex: 12    Spells: 0/0 levels left

rFire   . . .      SeeInvis .    (no weapon)
rCold   . . .      Faith    .    (no shield)
rNeg    . . .      Spirit   .    (helmet restricted)
rPois   .          Reflect  .    (no amulet)
rElec   .          Harm     .    (no ring)
rCorr   .          Rampage  .    (no ring)
Will    .....                    (no ring)
Stlth   +++                      (no ring)
HPRegen 0.22/turn                (no ring)
MPRegen 0.07/turn                (no ring)
                                 (no ring)
                                 (no ring)

@: no status effects
A: almost no armour, amphibious, 8 rings, camouflage 1, gelatinous body 1,
(nimble swimmer 1), tentacles
a: no special abilities


You were on level 2 of the Dungeon.
You visited 1 branch of the dungeon, and saw 2 of its levels.

Inventory:

Wands
 b - a wand of flame (15) (quivered)
 c - a wand of charming (14)
 d - a wand of iceblast (5)
Potions
 a - a potion of lignification {unknown}
 e - a potion of attraction {unknown}
 f - a potion of might {unknown}


   Skills:
 + Level 1.1 Fighting
 + Level 2.4 Dodging
 + Level 1.5 Stealth
 * Level 0.8 Unarmed Combat
 + Level 3.3 Evocations


You couldn't memorise any spells.
You didn't know any spells.
Your spell library was empty.

Dungeon Overview and Level Annotations

Branches:
Dungeon (2/15)

Altars:

Annotations:
D:2 Terence


Innate Abilities, Weirdness & Mutations

You cannot wear most types of armour.
You are amphibious.
You can wear up to eight rings at the same time.
Your skin changes colour to match your surroundings (Stealth+).
Your rubbery body absorbs attacks. (AC +1, EV +1)
((You are camouflaged when in or above water. (Stealth+)))
You have tentacles for arms and can constrict up to eight enemies at once.


Message History

There is a stone staircase leading up here.
Found a pair of runed gloves.
A goblin comes into view. It is wielding a +0 club.
A goblin is nearby!
The goblin shouts!
You tentacle-slap the goblin. Your grab misses the goblin.
The goblin is moderately wounded.
The goblin misses you.
You miss the goblin. You grab the goblin.
The goblin is moderately wounded.
You constrict the goblin. The goblin closely misses you.
You tentacle-slap the goblin.
You kill the goblin!
No target in view!
You see here a +0 club.
No target in view!
Found 5 stones.
No target in view!
A ball python comes into view.
You see here 5 stones.
Terence the Incautious comes into view.
He is wielding a +0 mace.
There are monsters nearby!
The ball python hisses angrily.
The ball python closely misses you. The ball python misses you.
You tentacle-slap the ball python.
You kill the ball python!
Unknown command.
Found a scroll labelled ACZIAGRYCHA.
Terence drinks a potion.
Terence goes berserk!
Terence rages.
Terence hits you with a +0 mace!
Ouch! That really hurt!
Okay, then.
Aiming: Charm
Press: ? - help, Shift-Dir - straight line, f - Terence
Aim: Terence, wielding a +0 mace and wearing a +0 scale mail (berserk, chance to affect: 66%) Terence struggles to resist.
Terence closely misses you. Terence hits you with a +0 mace!
Ouch! That really hurt!
You die...

.##.# #.# .##.# #.# ....#.
.##.# #.# #...?. .##.#######
#.# #....### ........... #.#
#...... .##.####### #.# #....#
.##......<# #.# #....#
.############.########....#.#
..........).....@@..........#
#############.########.†#######
#.# #......... #.# ##.#######
##.#########(# #............#
##.#########.# ### ###


You could see Terence (berserk).

Vanquished Creatures
  A quokka (D:1)
  A ball python (D:2)
  A goblin (D:2)
  A kobold (D:1)
  3 rats (D:1)
7 creatures vanquished.

Notes
Turn   | Place    | Note
-------+----------+-------------------------------------------
     0 | D:1      | M4edhros the Octopode Artificer began the quest for the
                  | Orb.
     0 | D:1      | Reached XP level 1. HP: 13/13 MP: 1/1
   130 | D:2      | Noticed Terence
   140 | D:2      | Mangled by Terence

Illustrated notes

Levels and vault maps discovered:
D:1:      grunt_arrival_crossed_arrows, layout_basic
D:2:      layout_basic, uniq_crazy_yiuf_cottage, uniq_terence

Action                   || total
-------------------------++-------
Melee: Unarmed           ||    13
       Constrict         ||     6
       Tentacles         ||     1
Evoke: Wand              ||     1
 Stab: Sleeping          ||     2
Armor: Skin              ||     2
Dodge: Dodged            ||     7

Table legend: (Time is in decaauts)
 A = Elapsed time spent in this place.
 B = Non-inter-level travel time spent in this place.
 C = Inter-level travel time spent in this place.
 D = Time resting spent in this place.
 E = Time spent auto-exploring this place.
 F = Levels seen in this place.
 G = Mean time per level.
                   A        B        C        D        E       F      G
               +--------+--------+--------+--------+--------+-----+--------+
         Total |    139 |    139 |      0 |      0 |     72 |   2 |   69.5 |
       Dungeon |    139 |    139 |      0 |      0 |     72 |   2 |   69.5 |
               +--------+--------+--------+--------+--------+-----+--------+

Top non-repeatable levels by time:
     D:1: 80 daAuts
     D:2: 58 daAuts
